 Dungeon Crawl Stone Soup version 0.27-a0-1188-g73eefd5def (webtiles) character file.

Game seed: 12834042579977415813

4885 DasRunzen the Poker (level 10, -3/81 HPs)
             Began as a Demigod Gladiator on May 21, 2021.
             Slain by a sky beast (5 damage)
             ... on level 8 of the Dungeon.
             The game lasted 00:18:21 (9151 turns).

DasRunzen the Poker (Demigod Gladiator)             Turns: 9151, Time: 00:18:22

Health: -3/81      AC:  2    Str: 19    XL:     10   Next: 6%
Magic:  20/20      EV: 19    Int: 14    God:
Gold:   1437       SH:  6    Dex: 19    Spells: 16/17 levels left

rFire    + . .     SeeInvis .   h - +8 lance "Wyrmbane" {slay drac, rPois rF+ rC+ AC+3}
rCold    + . .     Faith    .   j - +0 buckler
rNeg     . . .     Spirit   .   b - +0 leather armour
rPois    +         Reflect  .   c - +0 helmet
rElec    .         Harm     .   A - +0 cloak
rCorr    .         Rampage  .   l - +0 pair of gloves
Will     ++...                  (no boots)
Stlth    +.........             e - amulet of the acrobat
HPRegen  0.23/turn              i - +4 ring of evasion
MPRegen  0.17/turn              n - ring of willpower

@: corroded
A: high mp 1, forlorn
a: no special abilities


You were on level 8 of the Dungeon.
You visited 1 branch of the dungeon, and saw 8 of its levels.

You collected 1437 gold pieces.

Inventory:

Hand Weapons
 a - a +0 long sword
 h - the +8 lance "Wyrmbane" (weapon) {slay drac, rPois rF+ rC+ AC+3}
   (You acquired it on level 1 of the Dungeon)

   It affects your AC (+3).
   It protects you from fire.
   It protects you from cold.
   It protects you from poison.
Missiles
 d - 5 throwing nets (quivered)
 C - a curare-tipped dart
Armour
 b - a +0 leather armour (worn)
 c - a +0 helmet (worn)
 j - a +0 buckler (worn)
 l - a +0 pair of gloves (worn)
 p - a +0 kite shield
 s - a +2 tower shield
 A - a +0 cloak (worn)
Jewellery
 e - an amulet of the acrobat (around neck)
 g - a ring of wizardry
 i - a +4 ring of evasion (left hand)
 n - a ring of willpower (right hand)
 y - the ring "Wouk" {Contam rElec rF- MP+9 Stlth+}
   (You found it on level 5 of the Dungeon)

   [ring of magical power]

   It makes you vulnerable to fire.
   It insulates you from electricity.
   It affects your magic capacity (+9).
   It causes magical contamination when unequipped.
   It makes you more stealthy.
Wands
 m - a wand of flame (28)
 q - a wand of acid (4)
 x - a wand of paralysis (13)
Scrolls
 r - 2 scrolls of enchant weapon
 t - 2 scrolls of magic mapping {unknown}
 w - 2 scrolls of noise {unknown}
 z - a scroll of vulnerability {unknown}
 D - a scroll of teleportation
 G - a scroll of immolation {unknown}
Potions
 f - 3 potions of curing
 k - a potion of invisibility
 o - 3 potions of lignification
 u - 2 potions of brilliance
 v - a potion of mutation {unknown}
 B - a potion of heal wounds {unknown}
 E - a potion of magic {unknown}
 F - a potion of attraction {unknown}


   Skills:
 + Level 5.4 Fighting
 - Level 3.5 Long Blades
 * Level 6.5 Polearms
 - Level 1.7 Throwing
 + Level 4.6 Armour
 + Level 5.7 Dodging
 + Level 4.1 Shields
 + Level 4.2 Spellcasting
 + Level 4.6 Hexes


You had 16 spell levels left.
You knew the following spells:

 Your Spells              Type           Power      Damage    Failure   Level
a - Corona                Hex            17%        N/A       3%          1

Your spell library contained the following spells:

 Spells                   Type           Power      Damage    Failure   Level
 Animate Skeleton         Necr           4%         N/A       22%         1
 Apportation              Tloc           4%         N/A       22%         1
 Foxfire                  Conj/Fire      8%         2x1d4     22%         1
 Summon Small Mammal      Summ           8%         N/A       22%         1
 Inner Flame              Hex/Fire       9%         N/A       26%         3
 Conjure Flame            Conj/Fire      2%         6-21      54%         3
 Sticky Flame             Conj/Fire      2%         2d3       91%         4
 Fireball                 Conj/Fire      1%         3d3       99%         5


Dungeon Overview and Level Annotations

Branches:
Dungeon (8/15)             Temple (0/1) D:4
   Lair: D:8-11

Portals:
Abyss: D:6

Annotations:
D:6 2 transporters, oberejnoburuli's ghost, novice HuBe


Innate Abilities, Weirdness & Mutations

Your attributes grow dramatically as you level up.
You have an increased reservoir of magic. (+10% MP)
You shall have no god before yourself.


Message History

Reach: h) +8 lance "Wyrmbane" {slay drac, rPois rF+ rC+ AC+3}
Press: ? - help, Dir - move target, f/p - acid dragon
Aim: an acid dragon (almost dead, catching its breath, about 26% to evade the +8 lance "Wyrmbane")
You closely miss the acid dragon.
The acid dragon is almost dead.
The acid dragon spits acid at you. The splash of acid misses you.
The sky beast flickers out of sight!
Deactivating autopickup; reactivate with Ctrl-A.
Reach: h) +8 lance "Wyrmbane" {slay drac, rPois rF+ rC+ AC+3}
Press: ? - help, Dir - move target, f/p - acid dragon
Aim: an acid dragon (almost dead, catching its breath, about 26% to evade the +8 lance "Wyrmbane")
You barely miss the acid dragon.
The acid dragon is almost dead.
The acid dragon misses you. The acid dragon completely misses you.
Okay, then.
You feel better. The acid dragon barely misses you.
You block the acid dragon's attack. You block the white imp's attack.
Something misses you.
The white imp shouts, "Fly, thou weedy doghearted pissant!"
The acid dragon spits acid at you. The splash of acid hits you!
* * * LOW HITPOINT WARNING * * *
The acid corrodes you!
You are splashed with acid!
* * * LOW HITPOINT WARNING * * *
You feel better.
A sky beast appears from thin air!
Reactivating autopickup.
The sky beast hits you.
* * * LOW HITPOINT WARNING * * *
The sky beast shocks you.
* * * LOW HITPOINT WARNING * * *
A gnoll comes into view. It is wielding a +1 vampiric spear.
The white imp gestures at you. The puff of frost misses you.
You feel better. The wyvern zombie closely misses you.
The sky beast flickers out of sight!
Deactivating autopickup; reactivate with Ctrl-A.
Something hits you.
* * * LOW HITPOINT WARNING * * *
Something shocks you.
You die...

##.###[#...########..#
........≈.g.5)..gg...
.#(##....Y#########g.
#......g.......#
.####....#####.# #
#.g.)##..#.#
...####..g.##....#
......Z{5D.###.###
.......@...# #.#
..........)# #.#
#######....###.######
###########.......#
#....# #........#
#.##.# #........#
#######.##.###
#.#####....
###.......##...# #.#
....
#........#####.###.#
...


You could see an acid dragon, an ice beast, a gnoll sergeant, 3 gnolls, a white
imp and a wyvern zombie.

Vanquished Creatures
  Maurice (D:8)
  4 yaks (D:8)
  Menkaure (D:6)
  2 water moccasins
  4 black bears
  2 ice beasts (D:5)
  An orc warrior (D:6)
  A sky beast (D:5)
  4 necrophages
  A centaur (D:5)
  5 ogres
  2 bullfrogs
  A wyvern zombie (D:7)
  2 kobold brigands
  3 scorpions
  A water moccasin skeleton (D:5)
  8 wights
  A howler monkey (D:4)
  4 centaur zombies
  4 hounds
  A jelly (D:7)
  4 centaur skeletons
  An orc priest (D:6)
  3 gnoll shamans
  Jessica (D:2)
  Natasha (twice) (D:2)
  3 iguanas
  2 orc wizards
  A hound skeleton (D:5)
  Robin (D:1)
  14 gnolls
  A howler monkey skeleton (D:7)
  9 adders
  A shadow imp (D:5)
  2 white imps
  2 ufetubi (D:5)
  3 worms
  3 dart slugs
  17 orcs
  7 bats
  7 endoplasms
  2 giant cockroaches
  16 goblins
  10 hobgoblins
  12 jackals
  9 kobolds
  A quokka (D:2)
  4 ball pythons
  4 frilled lizards
  5 rats
  A bush (D:7)
201 creatures vanquished.

Vanquished Creatures (others)
  9 plants (D:7)
9 creatures vanquished.

Grand Total: 210 creatures vanquished

Notes
Turn   | Place    | Note
-------+----------+-------------------------------------------
     0 | D:1      | DasRunzen the Demigod Gladiator began the quest for the
                  | Orb.
     0 | D:1      | Reached XP level 1. HP: 17/17 MP: 3/3
   296 | D:1      | Reached XP level 2. HP: 24/24 MP: 4/4
   834 | D:1      | Reached XP level 3. HP: 27/30 MP: 6/6
  1321 | D:2      | Learned a level 1 spell: Corona
  2173 | D:2      | Noticed Natasha
  2182 | D:2      | Killed Natasha
  2183 | D:2      | Reached skill level 1 in Armour
  2183 | D:2      | Reached XP level 4. HP: 35/37 MP: 7/7
  2246 | D:2      | Noticed Natasha
  2262 | D:2      | Killed Natasha
  2263 | D:2      | Reached skill level 1 in Spellcasting
  2656 | D:2      | Noticed Robin
  3016 | D:1      | Identified a scroll of acquirement
  3017 | D:1      | Acquired the +8 lance "Wyrmbane" {slay drac, rPois rF+ rC+
                  | AC+3}
  3018 | D:1      | Found the +8 lance "Wyrmbane" {slay drac, rPois rF+ rC+
                  | AC+3}
  3034 | D:1      | Killed Robin
  3184 | D:2      | Noticed Jessica
  3189 | D:2      | Killed Jessica
  3190 | D:2      | Reached XP level 5. HP: 45/45 MP: 9/9
  3499 | D:3      | Noticed a black bear
  3506 | D:3      | Killed a black bear
  3507 | D:3      | Reached skill level 1 in Polearms
  3507 | D:3      | Reached skill level 1 in Hexes
  4372 | D:4      | Reached XP level 6. HP: 48/51 MP: 9/11
  4484 | D:4      | Found a staircase to the Ecumenical Temple.
  4545 | D:4      | Reached skill level 2 in Polearms
  5043 | D:4      | Reached skill level 1 in Shields
  5053 | D:4      | Reached XP level 7. HP: 29/57 MP: 13/13
  5459 | D:4      | Reached skill level 3 in Polearms
  5793 | D:5      | Entered Level 5 of the Dungeon
  6056 | D:5      | Reached XP level 8. HP: 66/66 MP: 13/15
  6132 | D:5      | Reached skill level 4 in Polearms
  6662 | D:5      | Identified the ring "Wouk" {Contam rElec rF- MP+9 Stlth+}
  7130 | D:6      | Reached skill level 5 in Polearms
  7153 | D:6      | Found a transporter.
  7157 | D:6      | Reached XP level 9. HP: 72/72 MP: 17/17
  7491 | D:6      | Found a one-way gate to the infinite horrors of the Abyss.
  7491 | D:6      | Noticed oberejnoburuli's ghost (novice HuBe)
  7495 | D:6      | Noticed an ancient zyme
  7614 | D:6      | Found a transporter.
  7684 | D:6      | Acquired 979 gold pieces
  7699 | D:6      | Noticed Menkaure
  7704 | D:6      | Reached skill level 5 in Dodging
  7708 | D:6      | Killed Menkaure
  8237 | D:7      | Reached skill level 5 in Fighting
  8856 | D:7      | Reached skill level 6 in Polearms
  9031 | D:8      | Noticed Maurice
  9050 | D:8      | Killed Maurice
  9120 | D:8      | Reached XP level 10. HP: 70/81 MP: 19/19
  9149 | D:8      | HP: 1/81 [acid (14)]
  9151 | D:8      | Slain by a sky beast

Illustrated notes

Levels and vault maps discovered:
D:1:      evilmike_arrival_rings, layout_rooms, minmay_hedge_maze
D:2:      layout_loops_corners, ebering_ecumenical_altar_webs,
          kennysheep_decorative_pillar, uniq_robin, uniq_natasha, uniq_jessica
D:3:      layout_basic, minmay_misc_feat_pillars
D:4:      layout_layer_cave, minmay_temple_entry_tees
D:5:      minmay_opposing_rooms, layout_loops_ring, st_stairs_12
D:6:      layout_rooms, gammafunk_ghost_abyssal_escape, uniq_menkaure
D:7:      layout_loops_ring, fedhas_altar_decomposition
D:8:      layout_basic, lemuel_tele_altar, uniq_maurice

Skill      XL: |  1  2  3  4  5  6  7  8  9 |
---------------+----------------------------+-----
Fighting       | 2 3 4 5 |  5.4
Long Blades    | 3 |  3.5
Dodging        | 3 4 5 |  5.7
Armour         | 1 2 3 4 |  4.6
Spellcasting   | 1 2 3 4 |  4.2
Polearms       | 1 2 3 5 6 |  6.5
Hexes          | 1 2 3 4 |  4.6
Shields        | 1 2 3 4 |  4.1
Throwing       | |  1.7

Action                   |  1- 3 |  4- 6 |  7- 9 | 10-12 || total
-------------------------+-------+-------+-------+-------++-------
Melee: Long sword        |   138 |    50 |       |       ||   188
       Lance             |       |   127 |   461 |    18 ||   606
 Cast: Corona            |       |       |     4 |       ||     4
  Use: Scroll            |     1 |     2 |     7 |       ||    10
       Potion            |       |       |     1 |     3 ||     4
 Stab: Sleeping          |       |     4 |     2 |       ||     6
Armor: Leather armour    |    46 |    34 |    57 |     3 ||   140
Dodge: Dodged            |   127 |   134 |   218 |    11 ||   490
Block: Buckler           |       |    21 |    87 |     7 ||   115
       Rpst.: Long sword |    33 |    15 |       |       ||    48

Table legend: (Time is in decaauts)
 A = Elapsed time spent in this place.
 B = Non-inter-level travel time spent in this place.
 C = Inter-level travel time spent in this place.
 D = Time resting spent in this place.
 E = Time spent auto-exploring this place.
 F = Levels seen in this place.
 G = Mean time per level.
                   A        B        C        D        E       F      G
               +--------+--------+--------+--------+--------+-----+--------+
         Total |   9167 |   8937 |    230 |   1962 |   5348 |   8 | 1145.9 |
       Dungeon |   9167 |   8937 |    230 |   1962 |   5348 |   8 | 1145.9 |
               +--------+--------+--------+--------+--------+-----+--------+

Top non-repeatable levels by time:
     D:1: 1975 daAuts
     D:2: 1560 daAuts
     D:4: 1470 daAuts
     D:5: 1320 daAuts
     D:7: 932 daAuts
     D:3: 874 daAuts
     D:6: 874 daAuts
     D:8: 159 daAuts
